 Dungeon Crawl Stone Soup version 0.23.2-33-g5129a83 (webtiles) character file.

Game seed: 5467228003885076174

282 Aphrodieselac the Charmwright (level 6, -5/44 HPs)
             Began as a Merfolk Skald on Aug 4, 2019.
             Killed from afar by an orc wizard (6 damage)
             ... with a magic dart
             ... in the Ecumenical Temple.
             The game lasted 00:14:22 (3131 turns).

Aphrodieselac the Charmwright (Merfolk Skald)       Turns: 3131, Time: 00:14:22

Health: -5/44      AC:  4    Str: 12    XL:     6   Next: 28%
Magic:  0/9        EV: 12    Int: 14    God:
Gold:   158        SH:  0    Dex: 13    Spells: 4/9 levels left

rFire    . . .     SeeInvis .   a - +0 spear
rCold    . . .     Gourm    .   (no shield)
rNeg     . . .     Faith    .   b - +0 leather armour
rPois    .         Spirit   .   (no helmet)
rElec    .         Reflect  .   (no cloak)
rCorr    .         Harm     .   (no gloves)
MR       .....                  h - +0 pair of boots
Stlth    +.........             (no amulet)
HPRegen  0.14/turn              (no ring)
MPRegen  0.11/turn              (no ring)

@: infused (expiring), singing (expiring)
A: change form in water, swift swim, stealthy swim
a: no special abilities


You were in the Ecumenical Temple.
You were very hungry.

You visited 2 branches of the dungeon, and saw 5 of its levels.

You collected 158 gold pieces.

Inventory:

Hand Weapons
 a - a +0 spear (weapon)
Missiles
 m - 22 sling bullets
Armour
 b - a +0 leather armour (worn)
 h - a +0 pair of boots (worn)
Scrolls
 f - a scroll of enchant armour {unknown}
 g - 2 scrolls of teleportation {unknown}
 l - a scroll of fog {unknown}
 n - 2 scrolls of identify
Potions
 e - 2 potions of curing
 i - 2 potions of cancellation
 j - 2 potions of resistance {unknown}
 k - a potion of agility {unknown}
 o - a potion of haste {unknown}
Comestibles
 d - 7 rations


   Skills:
 - Level 2.1 Fighting
 + Level 5.8 Polearms
 - Level 0.6 Armour
 - Level 2.6 Dodging
 - Level 2.0 Spellcasting
 * Level 6.4 Charms


You had 4 spell levels left.
You knew the following spells:

 Your Spells              Type           Power        Failure   Level  Hunger
a - Infusion              Chrm           ###.         2%          1    ##.....
b - Song of Slaying       Chrm           ###.....     3%          2    ###....
c - Shroud of Golubria    Chrm/Tloc      ##........   12%         2    ###....

Your spell library contained the following spells:

 Spells                   Type           Power        Failure   Level  Hunger
 Regeneration             Chrm/Necr      ##........   24%         3    ####...
 Spectral Weapon          Hex/Chrm       ##......     24%         3    ####...


Dungeon Overview and Level Annotations

Branches:
Dungeon (4/15)             Temple (1/1) D:4

Altars:
Ashenzari
Gozag
Kikubaaqudgha
Makhleb
Nemelex Xobeh
Okawaru
Qazlal
Ru
Sif Muna
Trog
Uskayaw
Vehumet
Wu Jian
Xom
Yredelemnul
Zin
The Shining One

Annotations:
D:2 1 runed translucent door, Crazy Yiuf


Message History

You hit the orc wizard but do no damage.
The orc wizard is moderately wounded.
Your song is almost over.
The orc closely misses you.
The orc wizard hits you with a +0 dagger.
You miss the orc wizard.
The orc wizard is moderately wounded.
The orc wizard hits you but does no damage.
The orc hits you.
You puncture the orc wizard!
The orc wizard is almost dead.
The orc wizard gestures at you while chanting.
The magic dart hits you!
* * * LOW HITPOINT WARNING * * *
The orc hits you.
* * * LOW HITPOINT WARNING * * *
The orc wizard hits you but does no damage.
The orc wizard points at you and mumbles some strange words.
The magic dart hits you.
You die...

.#...#.........#..## ##..#..##
#...#....#.#.#..#..###..#.#..##
...#....##.......#..#..#...#..##
#.#.∩._......._...#.⌠.#.._..#..##
...#.......##....#.....#........#
#...#..#.#.#....#...#...#..##.#..
.#...#.........#...#.#...#.##..#.
..#...#..._...#[..#...#.........#
_..#...#.....#[<@#.....#...#.._..
........#...#.oo#..._...#...#...#
..##.#...#.#...#.........#...#.#.
#.##..#...#...#....#.#.#..#...#..
.......#.....#....##.......#....#
..#.._..#.⌠.#..._......._...#.###
#..#...#..#..#.......##....#....#
##..#.#..###..#..#.#.#....#...#..
##..#..## ##..#.........#...#.#.


You could see an orc wizard and an orc.

Vanquished Creatures
  A scorpion (D:3)
  An orc priest (Temple)
  A centaur skeleton (D:4)
  2 orc wizards (Temple)
  3 adders
  An ooze (D:4)
  4 worms
  2 dart slugs
  2 leopard geckos
  3 orcs
  13 bats
  4 giant cockroaches
  2 goblins (D:3)
  5 hobgoblins
  11 jackals
  A quokka (D:2)
  A ball python (D:3)
  2 frilled lizards
  9 kobolds
  7 rats
75 creatures vanquished.

Notes
Turn   | Place    | Note
-------+----------+-------------------------------------------
     0 | D:1      | Aphrodieselac the Merfolk Skald began the quest for the
                  | Orb.
     0 | D:1      | Reached XP level 1. HP: 16/16 MP: 3/3
    52 | D:1      | Reached XP level 2. HP: 15/22 MP: 3/5
   193 | D:2      | Reached skill level 4 in Charms
   285 | D:1      | Reached XP level 3. HP: 24/27 MP: 6/6
   789 | D:2      | Learned a level 2 spell: Song of Slaying
   792 | D:2      | Learned a level 2 spell: Shroud of Golubria
  1075 | D:2      | Reached XP level 4. HP: 33/33 MP: 0/7
  1325 | D:2      | Found a runed translucent door.
  1326 | D:2      | Noticed Crazy Yiuf
  1671 | D:3      | Found a shimmering altar of Xom.
  1802 | D:3      | Reached skill level 5 in Charms
  2190 | D:4      | Reached XP level 5. HP: 31/38 MP: 8/8
  2395 | D:4      | Reached skill level 5 in Polearms
  2482 | D:4      | Noticed an ogre
  2849 | D:4      | Found a staircase to the Ecumenical Temple.
  2873 | Temple   | Entered the Ecumenical Temple
  2880 | Temple   | Reached skill level 6 in Charms
  2880 | Temple   | Reached XP level 6. HP: 13/44 MP: 4/9
  3130 | Temple   | HP: 1/44 [orc (3)]
  3131 | Temple   | Killed from afar by an orc wizard

Skill      XL: |  1  2  3  4  5 |
---------------+----------------+-----
Charms         | 4 5 6 |  6.4
Polearms       | 4 5 |  5.8
Fighting       | |  2.1
Armour         | |  0.6
Dodging        | |  2.6
Spellcasting   | |  2.0

Action                   |  1- 3 |  4- 6 || total
-------------------------+-------+-------++-------
Melee: Spear             |   163 |   191 ||   354
 Cast: Infusion          |     3 |     8 ||    11
       Song of Slaying   |     1 |     4 ||     5
       Shroud of Golubri |     1 |     4 ||     5
  Use: Scroll            |     1 |       ||     1
 Stab: Sleeping          |     1 |     1 ||     2
  Eat: Chunk             |     1 |     6 ||     7
Armor: Leather armour    |    47 |    39 ||    86
Dodge: Dodged            |    84 |    88 ||   172
